[gd_scene load_steps=18 format=2]

[ext_resource path="res://ressources/acte2/Ascenseur.gd" type="Script" id=1]
[ext_resource path="res://ressources/acte2/ascenseur2.png" type="Texture" id=2]
[ext_resource path="res://ressources/acte2/Levier.tscn" type="PackedScene" id=3]
[ext_resource path="res://ressources/sons/acte2/ascenseur.ogg" type="AudioStream" id=4]
[ext_resource path="res://ressources/sons/acte2/ascenseur_casse.ogg" type="AudioStream" id=5]
[ext_resource path="res://ressources/sons/acte2/ascenseur_tombe.ogg" type="AudioStream" id=6]

[sub_resource type="RectangleShape2D" id=1]
extents = Vector2( 2, 30 )

[sub_resource type="RectangleShape2D" id=2]
extents = Vector2( 2, 29 )

[sub_resource type="Animation" id=3]
resource_name = "casse"
length = 1.2
tracks/0/type = "value"
tracks/0/path = NodePath("Corps:modulate")
tracks/0/interp = 1
tracks/0/loop_wrap = true
tracks/0/imported = false
tracks/0/enabled = true
tracks/0/keys = {
"times": PoolRealArray( 0, 0.3, 0.5, 0.8, 1.2 ),
"transitions": PoolRealArray( 1, 1, 1, 1, 1 ),
"update": 0,
"values": [ Color( 1, 1, 1, 1 ), Color( 1, 0, 0, 1 ), Color( 1, 1, 1, 1 ), Color( 1, 0, 0, 1 ), Color( 1, 1, 1, 1 ) ]
}

[sub_resource type="Animation" id=4]
resource_name = "detruit"
tracks/0/type = "value"
tracks/0/path = NodePath("Corps/Centre:position")
tracks/0/interp = 1
tracks/0/loop_wrap = true
tracks/0/imported = false
tracks/0/enabled = true
tracks/0/keys = {
"times": PoolRealArray( 0, 0.1, 0.2, 0.3, 0.4, 0.5, 0.6, 0.7 ),
"transitions": PoolRealArray( 1, 1, 1, 1, 1, 1, 1, 1 ),
"update": 0,
"values": [ Vector2( 0, 0 ), Vector2( 3, 0 ), Vector2( -3, 0 ), Vector2( 3, 0 ), Vector2( -3, 0 ), Vector2( 6, 0 ), Vector2( -6, 0 ), Vector2( 6, 0 ) ]
}
tracks/1/type = "value"
tracks/1/path = NodePath("Corps:scale")
tracks/1/interp = 1
tracks/1/loop_wrap = true
tracks/1/imported = false
tracks/1/enabled = true
tracks/1/keys = {
"times": PoolRealArray( 0, 0.8, 1 ),
"transitions": PoolRealArray( 1, 1, 1 ),
"update": 0,
"values": [ Vector2( 1, 1 ), Vector2( 1, 1 ), Vector2( 1e-05, 1e-05 ) ]
}
tracks/2/type = "value"
tracks/2/path = NodePath("Corps:modulate")
tracks/2/interp = 1
tracks/2/loop_wrap = true
tracks/2/imported = false
tracks/2/enabled = true
tracks/2/keys = {
"times": PoolRealArray( 0, 0.5 ),
"transitions": PoolRealArray( 1, 1 ),
"update": 0,
"values": [ Color( 1, 1, 1, 1 ), Color( 1, 0, 0, 1 ) ]
}

[sub_resource type="Animation" id=5]
tracks/0/type = "value"
tracks/0/path = NodePath("Corps:position")
tracks/0/interp = 1
tracks/0/loop_wrap = true
tracks/0/imported = false
tracks/0/enabled = true
tracks/0/keys = {
"times": PoolRealArray( 0, 1 ),
"transitions": PoolRealArray( 1, 1 ),
"update": 0,
"values": [ Vector2( 1, -122 ), Vector2( 0, 46 ) ]
}

[sub_resource type="RectangleShape2D" id=6]
extents = Vector2( 41, 41 )

[sub_resource type="RectangleShape2D" id=7]
extents = Vector2( 12, 10 )

[sub_resource type="RectangleShape2D" id=8]
extents = Vector2( 2, 29 )

[sub_resource type="RectangleShape2D" id=9]
extents = Vector2( 2, 29 )

[sub_resource type="RectangleShape2D" id=10]
extents = Vector2( 1.84683, 29.2579 )

[sub_resource type="RectangleShape2D" id=11]
extents = Vector2( 2, 29 )

[node name="Ascenseur" type="Node2D" groups=[
"initialisable",
]]
script = ExtResource( 1 )

[node name="Acces0" type="Sprite" parent="."]
modulate = Color( 0.529412, 1, 0.564706, 1 )
position = Vector2( 0.0025177, 108.572 )
rotation = 3.14159
texture = ExtResource( 2 )
vframes = 3
hframes = 2
frame = 4

[node name="StaticBody2D" type="StaticBody2D" parent="Acces0"]

[node name="CollisionShape2D" type="CollisionShape2D" parent="Acces0/StaticBody2D"]
position = Vector2( -29.0025, -1.572 )
shape = SubResource( 1 )

[node name="Acces1" type="Sprite" parent="."]
modulate = Color( 0.529412, 1, 0.564706, 1 )
position = Vector2( -249.782, -97.5658 )
rotation = 1.5708
texture = ExtResource( 2 )
vframes = 3
hframes = 2
frame = 4

[node name="StaticBody2D" type="StaticBody2D" parent="Acces1"]

[node name="CollisionShape2D" type="CollisionShape2D" parent="Acces1/StaticBody2D"]
position = Vector2( -29.218, -0.434196 )
shape = SubResource( 2 )

[node name="AnimationPlayer" type="AnimationPlayer" parent="."]
anims/casse = SubResource( 3 )
anims/detruit = SubResource( 4 )
anims/trajet = SubResource( 5 )

[node name="Corps" type="Node2D" parent="."]
position = Vector2( 0, 46 )

[node name="Centre" type="Sprite" parent="Corps"]
texture = ExtResource( 2 )
vframes = 3
hframes = 2
frame = 2

[node name="Perimetre" type="Area2D" parent="Corps/Centre"]

[node name="CollisionShape2D" type="CollisionShape2D" parent="Corps/Centre/Perimetre"]
shape = SubResource( 6 )

[node name="Activation" type="Area2D" parent="Corps/Centre"]

[node name="CollisionShape2D" type="CollisionShape2D" parent="Corps/Centre/Activation"]
shape = SubResource( 7 )

[node name="Droit" type="Sprite" parent="Corps"]
modulate = Color( 0.529412, 1, 0.564706, 1 )
position = Vector2( 62, 0 )
texture = ExtResource( 2 )
vframes = 3
hframes = 2
frame = 4

[node name="StaticBody2D" type="StaticBody2D" parent="Corps/Droit"]

[node name="CollisionShape2D" type="CollisionShape2D" parent="Corps/Droit/StaticBody2D"]
position = Vector2( -29, 0 )
shape = SubResource( 8 )

[node name="Haut" type="Sprite" parent="Corps"]
modulate = Color( 0.529412, 1, 0.564706, 1 )
position = Vector2( -0.309139, -62.0326 )
rotation = 1.5708
texture = ExtResource( 2 )
flip_h = true
vframes = 3
hframes = 2
frame = 4

[node name="StaticBody2D" type="StaticBody2D" parent="Corps/Haut"]

[node name="CollisionShape2D" type="CollisionShape2D" parent="Corps/Haut/StaticBody2D"]
position = Vector2( 29, 0 )
shape = SubResource( 9 )

[node name="Bas" type="Sprite" parent="Corps"]
modulate = Color( 0.529412, 1, 0.564706, 1 )
position = Vector2( -0.462128, 62.0586 )
rotation = 1.5708
texture = ExtResource( 2 )
vframes = 3
hframes = 2
frame = 4

[node name="StaticBody2D" type="StaticBody2D" parent="Corps/Bas"]

[node name="CollisionShape2D" type="CollisionShape2D" parent="Corps/Bas/StaticBody2D"]
position = Vector2( -29, 0 )
shape = SubResource( 10 )

[node name="Gauche" type="Sprite" parent="Corps"]
modulate = Color( 0.529412, 1, 0.564706, 1 )
position = Vector2( -62, 0 )
texture = ExtResource( 2 )
flip_h = true
vframes = 3
hframes = 2
frame = 4

[node name="StaticBody2D" type="StaticBody2D" parent="Corps/Gauche"]

[node name="CollisionShape2D" type="CollisionShape2D" parent="Corps/Gauche/StaticBody2D"]
position = Vector2( 29, 0 )
shape = SubResource( 11 )

[node name="Levier" parent="." instance=ExtResource( 3 )]
position = Vector2( -198, 158 )

[node name="Deplacement" type="AudioStreamPlayer2D" parent="."]
stream = ExtResource( 4 )
bus = "Effets"

[node name="Tween" type="Tween" parent="."]

[node name="Casse" type="AudioStreamPlayer2D" parent="."]
stream = ExtResource( 5 )

[node name="Tombe" type="AudioStreamPlayer2D" parent="."]
stream = ExtResource( 6 )
[connection signal="body_exited" from="Corps/Centre/Perimetre" to="." method="_on_Perimetre_body_exited"]
[connection signal="body_entered" from="Corps/Centre/Activation" to="." method="_on_Area2D_body_entered"]
[connection signal="active" from="Levier" to="." method="_on_Levier_active"]
